 Dungeon Crawl Stone Soup version 0.31-a0-746-ge8284cb111 (webtiles) character file.

Game seed: 17026491044316080655

2991 Revguard the Trooper (level 9, -6/108 HPs)
             Began as a Demonspawn Berserker on Sept 14, 2023.
             Was a Believer of Trog.
             Mangled by a gnoll
             ... wielding a +0 halberd
             ... led by a gnoll bouda
              (8 damage)
             ... on level 7 of the Dungeon.
             The game lasted 00:19:45 (5030 turns).

Revguard the Trooper (Demonspawn Berserker)         Turns: 5030, Time: 00:19:48

Health: -6/108     AC: 12    Str: 21    XL:     9   Next: 54%
Magic:  9/9        EV: 10    Int:  9    God:    Trog [**....]
Gold:   228        SH:  0    Dex: 13    Spells: 8/8 levels left

rFire   + . .        u - +2 battleaxe
rCold   + . .        (shield currently unavailable)
rNeg    + . .        j - +0 chain mail
rPois   +            (helmet restricted)
rElec   .            r - scarf {rC+ rF+}
rCorr   .            (no gloves)
SInv    .            s - +1 pair of boots
Will    ++...        (no amulet) Stlth
                     i - ring of positive energy
HPRegen 3.38/turn    c - ring of poison resistance
MPRegen 0.11/turn

%: no passive effects
@: berserking (expiring), lethally poisoned (-6 -> -6), strong-willed
(expiring), regenerating (expiring), very quick
A: antennae 2, claws 2, powered by death 1, demonic magic 1, weakness stinger 1
a: Renounce Religion, Berserk, Trog's Hand


You were on level 7 of the Dungeon.
You worshipped Trog.
Trog was pleased with you.
You visited 1 branch of the dungeon, and saw 7 of its levels.

You collected 311 gold pieces.
You spent 83 gold pieces at shops.

Inventory:

Hand Weapons
 a - a +0 hand axe
 t - a +1 hand axe of draining
 u - a +2 battleaxe (weapon)
Armour
 g - a +0 ring mail
 j - a +0 chain mail (worn)
 n - a +0 pair of boots
 r - a scarf of resistance (worn)
 s - a +1 pair of boots (worn)
Jewellery
 c - a ring of poison resistance (right claw)
 i - a ring of positive energy (left claw)
 p - a +6 ring of intelligence
 v - a +4 ring of protection
Wands
 w - a wand of paralysis (2)
Scrolls
 e - a scroll of noise
 h - 2 scrolls of teleportation
 o - 3 scrolls of blinking
 q - a scroll of immolation
 y - 2 scrolls of summoning
Potions
 b - a potion of enlightenment
 d - a potion of haste
 k - a potion of ambrosia
 l - 4 potions of curing
 x - a potion of attraction {unknown}
 z - a potion of invisibility {unknown}


   Skills:
 * Level 7.0 Fighting
 * Level 6.6 Axes
 + Level 5.2 Armour
 + Level 5.3 Dodging
 - Level 1.3 Unarmed Combat
 + Level 5.2 Evocations


You had 8 spell levels left.
You didn't know any spells.
Your spell library was empty.

Dungeon Overview and Level Annotations

Branches:
Dungeon (7/15)
 Temple: D:4-7

Altars:
Gozag
Qazlal
Trog

Shops:
D:2 *


Innate Abilities, Weirdness & Mutations

You have a pair of antennae on your head.
You have very sharp fingernails.
You regenerate a little health from kills.
Spells you cast may paralyse adjacent enemies.
You have a small tail.


Message History

* * * LOW HITPOINT WARNING * * *
The killer bee barely misses you.
The scorpion stings you but does no damage.
The gnoll hits you from afar with a +0 halberd!
* * * LOW HITPOINT WARNING * * *
The killer bee stings you.
* * * LOW HITPOINT WARNING * * *
You are more poisoned.
The killer bee poisons you! The killer bee barely misses you.
You hit the scorpion.
You kill the scorpion!
Trog accepts your kill.
You miss the killer bee. You slash the killer bee!
You feel very sick.
The killer bee stings you but does no damage.
The killer bee barely misses you.
The gnoll hits you from afar with a +0 halberd.
* * * LOW HITPOINT WARNING * * *
The killer bee stings you.
* * * LOW HITPOINT WARNING * * *
The killer bee stings you.
* * * LOW HITPOINT WARNING * * *
Your Fighting skill increases to level 7!
You are too berserk!
You slice the killer bee!!
You kill the killer bee!
Trog accepts your kill.
You closely miss the killer bee.
You feel very sick. The killer bee barely misses you.
A gnoll bouda comes into view. It is wielding a +0 club.
The gnoll completely misses you.
The killer bee stings you but does no damage.
You feel sick.
The gnoll bouda shouts!
The killer bee attacks as it pursues you!
The killer bee stings you.
* * * LOW HITPOINT WARNING * * *
The gnoll hits you with a +0 halberd!
You die...

## ... ..
.. ....
#.#.
#...###
#g#...
#..#.#,
#.ggg#
#...#@#
..... #y#,
###...††.S#
##........#
#........#
#........#
#........#
#........#
#........#


You could see a gnoll bouda, a killer bee and 3 gnolls.

Vanquished Creatures
  The ghost of feta the Chiller, a novice TrIE of Hepliaklqana (D:6)
  Prince Ribbit (D:6)
  Grinder (D:4)
  Eustachio (D:6)
  A water moccasin (D:5)
  An orc warrior (D:6)
  2 black bears (D:6)
  2 phantoms
  2 bullfrogs (D:6)
  6 scorpions
  4 wights (D:6)
  5 killer bees (D:7)
  A jelly (D:5)
  An orc priest (D:6)
  A sleepcap (D:4)
  6 iguanas
  4 orc wizards
  Natasha (twice) (D:4)
  10 adders
  A shadow imp (D:6)
  3 ufetubi (D:5)
  2 worms (D:2)
  2 dart slugs
  18 orcs
  5 endoplasms
  3 giant cockroaches
  7 hobgoblins
  2 kobolds
  6 quokkas
  9 ball pythons
  A bat (D:1)
  2 frilled lizards
  5 goblins
  4 rats
122 creatures vanquished.

Notes
Turn   | Place    | Note
-------+----------+-------------------------------------------
     0 | D:1      | Revguard the Demonspawn Berserker began the quest for the
                  | Orb.
     0 | D:1      | Reached XP level 1. HP: 18/18 MP: 1/1
   151 | D:1      | Gained mutation: Spells you cast may paralyse adjacent
                  | enemies. [demonic ancestry]
   151 | D:1      | Reached XP level 2. HP: 24/24 MP: 2/2
   594 | D:1      | Found an opulent altar of Gozag.
   676 | D:2      | Reached skill level 1 in Evocations
   762 | D:2      | Discovered your monstrous ancestry.
   762 | D:2      | Gained mutation: You have a small tail. [demonic ancestry]
   762 | D:2      | Reached XP level 3. HP: 26/29 MP: 3/3
   828 | D:2      | Reached ** piety under Trog
  1006 | D:2      | Found Unys's Assorted Antiques.
  1011 | D:2      | Bought a fuming cyan potion for 20 gold pieces
  1011 | D:2      | Bought a yellow potion for 20 gold pieces
  1011 | D:2      | Bought a scroll labelled SOQURPHO ULEVE for 23 gold pieces
  1011 | D:2      | Bought a sedimented yellow potion for 20 gold pieces
  1558 | D:3      | Reached XP level 4. HP: 35/35 MP: 4/4
  1972 | D:4      | Noticed Natasha
  1976 | D:4      | Killed Natasha
  1977 | D:4      | Found a stormy altar of Qazlal.
  2023 | D:4      | Noticed Grinder
  2039 | D:4      | Killed Grinder
  2040 | D:4      | Reached skill level 4 in Fighting
  2040 | D:4      | Gained mutation: You have sharp fingernails. [demonic
                  | ancestry]
  2040 | D:4      | Reached XP level 5. HP: 42/42 MP: 5/5
  2040 | D:4      | Gained mutation: You have a pair of small antennae on your
                  | head. [demonic ancestry]
  2040 | D:4      | Reached XP level 6. HP: 48/48 MP: 6/6
  2353 | D:4      | Noticed Natasha
  2363 | D:4      | Killed Natasha
  2368 | D:4      | Gained mutation: You have very sharp fingernails. [demonic
                  | ancestry]
  2368 | D:4      | Reached XP level 7. HP: 55/55 MP: 7/7
  2492 | D:4      | Identified the +0 scale mail of Perpetual Drought {rPois
                  | rN++ Str-3 Int+3}
  2576 | D:5      | Entered Level 5 of the Dungeon
  2643 | D:5      | Found a bloodstained altar of Trog.
  2882 | D:5      | Reached skill level 1 in Unarmed Combat
  3887 | D:6      | Gained mutation: You have a pair of antennae on your head.
                  | [demonic ancestry]
  3887 | D:6      | Reached XP level 8. HP: 61/61 MP: 8/8
  3891 | D:6      | Reached skill level 5 in Fighting
  3996 | D:6      | Reached skill level 5 in Axes
  4032 | D:6      | Found a runed translucent door.
  4033 | D:6      | Noticed feta's ghost (novice TrIE)
  4041 | D:6      | Noticed Prince Ribbit
  4045 | D:6      | Killed feta's ghost
  4076 | D:6      | Killed Prince Ribbit
  4077 | D:6      | Reached skill level 6 in Fighting
  4251 | D:6      | Gained mutation: You regenerate a little health from kills.
                  | [demonic ancestry]
  4251 | D:6      | Reached XP level 9. HP: 68/69 MP: 9/9
  4421 | D:6      | Reached skill level 5 in Dodging
  4569 | D:6      | Noticed Eustachio
  4582 | D:6      | Killed Eustachio
  4583 | D:6      | Reached skill level 5 in Armour
  4583 | D:6      | Reached skill level 5 in Evocations
  5029 | D:7      | Reached skill level 7 in Fighting
  5030 | D:7      | HP: 2/108 [killer bee (5)]
  5030 | D:7      | Mangled by a gnoll

Illustrated notes

Levels and vault maps discovered:
D:1:      dpeg_arrival_lava_altar, layout_rooms
D:2:      layout_loops_ring, serial_shops, shop
D:3:      layout_loops_cross, nrook_mini_backslash, grunt_decor_resistance,
          minmay_crystal_water
D:4:      layout_basic, nicolae_qazlal_general_emergency, uniq_grinder,
          uniq_natasha
D:5:      layout_loops_ring, kennysheep_mini_moat
D:6:      layout_basic, ebering_ghost_reflecting_pool, uniq_eustachio,
          uniq_prince_ribbit1
D:7:      layout_basic, minmay_temple_entry_statues_fountains,
          kennysheep_windowed_goal

Skill      XL: |  1  2  3  4  5  6  7  8  9 |
---------------+----------------------------+-----
Dodging        | 2 3 4 5 |  5.3
Armour         | 2 3 4 5 |  5.2
Evocations     | 1 2 3 4 5 |  5.2
Axes           | 3 4 5 6 |  6.6
Fighting       | 4 6 7 |  7.0
Unarmed Combat | 1 |  1.3

Action                     |  1- 3 |  4- 6 |  7- 9 || total
---------------------------+-------+-------+-------++-------
  Melee: Hand axe          |   121 |    83 |   118 ||   322
         Tailslap          |     7 |    10 |    27 ||    44
         Punch             |       |     1 |       ||     1
         Battleaxe         |       |       |   100 ||   100
 Invoke: Berserk           |     1 |     3 |     6 ||    10
         Trog's Hand       |       |     2 |     6 ||     8
  Evoke: Wand              |       |       |     6 ||     6
    Use: Scroll            |     5 |       |     9 ||    14
         Potion            |       |       |     1 ||     1
   Stab: Paralysed         |       |       |     2 ||     2
 Armour: Animal skin       |    12 |       |       ||    12
         Ring mail         |    15 |       |       ||    15
         Chain mail        |    47 |    53 |   346 ||   446
         Skin              |       |       |    20 ||    20
  Dodge: Dodged            |    87 |    31 |   170 ||   288

Table legend: (Time is in decaauts)
 A = Elapsed time spent in this place.
 B = Non-inter-level travel time spent in this place.
 C = Inter-level travel time spent in this place.
 D = Time resting spent in this place.
 E = Time spent auto-exploring this place.
 F = Levels seen in this place.
 G = Mean time per level.
                   A        B        C        D        E       F      G
               +--------+--------+--------+--------+--------+-----+--------+
         Total |   5171 |   5004 |    167 |    132 |   3716 |   7 |  738.7 |
       Dungeon |   5171 |   5004 |    167 |    132 |   3716 |   7 |  738.7 |
               +--------+--------+--------+--------+--------+-----+--------+

Top non-repeatable levels by time:
     D:6: 1339 daAuts
     D:5: 1183 daAuts
     D:3: 760 daAuts
     D:4: 660 daAuts
     D:1: 635 daAuts
     D:2: 575 daAuts
     D:7: 17 daAuts
